Zazza, neutral female human Tourist ----- |...| --------------- |^..| |.............. ---------- |...| B@f............| |........| #.<..| |.............| |........| ###--|-- --------|------ |........| # ####### ## |........-# ### # # |>.......|# # ### ### |........-#### # # ----------### ############## # -.----------- ### |...........| # |...........| #` |...........| |....%....... |.....%.....| +............ ------------- Zazza the Rambler Experience level: 1 Strength: 11 Dexterity: 10 Constitution: 14 Intelligence: 13 Wisdom: 10 Charisma: 18 Health: 0(10) Energy: 2(2) Def: 1 Gold: 726 Moves: 1831 Dungeon seed: 8PV0XLk--YE30YSv Game ID: Zazza_1571342935 Your Inventory: Coins $ - 726 gold pieces Weapons a - 25 +2 darts (in quiver) l - 2 +0 orcish daggers (wielded) C - 10 +3 arrows D - a +0 spear Armor e - an uncursed +0 Hawaiian shirt (being worn) y - an uncursed +0 orcish helm (being worn) Comestibles b - 5 uncursed tripe rations c - an uncursed egg d - 6 uncursed food rations o - an uncursed partly eaten lichen corpse A - an uncursed egg E - an uncursed tin of goblin meat G - an uncursed apple Scrolls h - a blessed scroll of magic mapping i - 2 uncursed scrolls of magic mapping u - an uncursed scroll of remove curse v - an uncursed scroll of enchant armor H - an uncursed scroll of light Spellbooks m - an uncursed spellbook of cure sickness Potions g - 2 uncursed potions of extra healing w - an uncursed potion of hallucination B - an uncursed potion of gain energy F - an uncursed potion of confusion Tools j - an expensive camera (0:72) k - an uncursed credit card p - an uncursed magic whistle q - an uncursed sack r - a magic marker (0:41) s - an uncursed towel t - an uncursed stethoscope x - a bag of tricks (0:8) z - an uncursed tin opener Gems n - an uncursed fluorite stone Spells and supernatural/magical abilities: Name Level Category Fail Memory W - pray for help -- divine ? -- Your skills at the end: Fighting Skills Weapon Skills dart [Basic] Spellcasting Skills Final Attributes: You were nominally aligned. You were a werejackal. You are dead. Vanquished creatures: a homunculus 2 geckos 7 jackals 2 foxes a kobold 2 goblins 3 sewer rats 3 grid bugs 6 lichens 2 newts 29 creatures vanquished. Voluntary challenges: You were an atheist. You used a wielded weapon 6 times, starting on turn 387. You were a pacifist. You read items or engraved 1 time, starting on turn 313. You never genocided any monsters. You never polymorphed an object. You never changed form. You used no wishes. You never split a pudding. You never wrote Elbereth's name. You never violated your personal moral code. Dungeon overview: The Dungeons of Doom: levels 1 to 5 Level 1 a long staircase Level 2 a hardware shop Level 3 a fountain, some sinks Level 4 a long staircase Level 5 <- You were here History has recorded: On T:1 you entered the Dungeons of Doom to retrieve the Amulet of Yendor! On T:434 you reached level 2 of The Dungeons of Doom. On T:965 you reached level 3 of The Dungeons of Doom. On T:1219 you reached level 4 of The Dungeons of Doom. On T:1516 you reached level 5 of The Dungeons of Doom. Score breakdown: Gold: 212 ( 7920 points) Experience: 1 level ( 0 points) Exploration: 5 levels ( 9.62%) ( 8401 points) Discoveries: 4 items ( 1.34%) ( 3475 points) Valuables value: (no points given unless you survive) Artifact value: 0 ( 0 points) Variety of kills: 10 monsters ( 2.62%) ( 4860 points) Turncount: 1831 turns ( 0 points) Survival: died (score multiplied by 80%) Total score: 19724 Latest messages: You drop an iron skull cap. You displace Armand. You see here an iron skull cap. y - an iron skull cap. You start equipping yourself. You are now wearing an iron skull cap. You displace Armand. You hear a jackal howling at the moon. You displace Armand. There's some graffiti on the floor here. You read: "Thev say th?t gaun lets of |exter??y have ? hiddcn encharted to? h.". The door resists! (4x) The door opens. The bat bites! You hit the bat. The bat bites! You miss the bat. The bat bites! (2x) You die... The sack is empty. Final status: Aloha Zazza the Tourist, killed by a bat... You died in The Dungeons of Doom on dungeon level 5 with 19724 points, and 726 pieces of gold, after 1831 moves. You were level 1 with a maximum of 10 hit points when you died.